 Dungeon Crawl Stone Soup version 0.20-a0-1034-gb277f92 (webtiles) character file.

21663 4thArraOfDagon the Carver (level 12, 20/84 HPs)
             Began as a Mummy Enchanter on Apr 21, 2017.
             Was an Initiate of Gozag.
             Quit the game on level 6 of the Lair of Beasts.
             The game lasted 01:10:26 (19743 turns).

4thArraOfDagon the Carver (Mummy Enchanter)        Turns: 19743, Time: 01:10:27

Health: 20/84      AC: 11    Str: 12    XL:     12   Next: 56%
Magic:  16/16      EV: 13    Int: 24    God:    Gozag
Gold:   1151       SH:  0    Dex: 12    Spells: 8/16 levels left

rFire    . . .     SeeInvis .   A - +6 dagger (venom)
rCold    + + .     Gourm    .   (no shield)
rNeg     + + +     Faith    .   D - +3 ring mail {rC+}
rPois    ∞         Spirit   .   (no helmet)
rElec    .         Reflect  .   (no cloak)
rCorr    .         Harm     .   i - +1 pair of gloves
MR       +....                  (no boots)
Stlth    ++........             y - amulet of magic regeneration
Regen    0.3/turn               M - ring of a Billion Seas {+Inv rN+ Int+5 Stlth+}
MPRegen  0.3/turn               L - ring of protection from fire

@: slowed, very slow
A: no food or potions, fire vulnerability, cold resistance 1, negative energy
resistance 3, torment resistance, unbreathing
a: Potion Petition, Call Merchant, Bribe Branch, Renounce Religion, Evoke
Invisibility


You were on level 6 of the Lair of Beasts.
You worshipped Gozag.
Gozag was most pleased with you.
You were not hungry.

You visited 4 branches of the dungeon, and saw 22 of its levels.
You also visited: Ice Cave and Volcano.

You collected 4726 gold pieces.
You spent 150 gold pieces at shops.
You paid 3425 gold pieces to Gozag.

Inventory:

Hand Weapons
 a - a +1 dagger
 j - a +0 falchion
 p - a +1 vampiric dagger
 r - a +1 dagger of protection
 A - a +6 dagger of venom (weapon)
 B - a +0 blowgun
 I - a +0 long sword
 J - a +1 falchion of flaming
Armour
 b - a +1 robe
 i - a +1 pair of gloves (worn)
 n - a -2 pair of gloves
 s - a +0 ring mail
 D - a +3 ring mail of cold resistance (worn)
Magical Staves
 o - an uncursed staff of cold
Jewellery
 e - an uncursed ring of magical power
 y - an amulet of magic regeneration (around neck)
 L - a ring of protection from fire (right hand)
 M - the ring of a Billion Seas (left hand) {+Inv rN+ Int+5 Stlth+}
   (You found it in an ice cave)

   [ring of intelligence]

   It affects your intelligence (+5).
   It protects you from negative energy.
   It lets you turn invisible.
   It makes you more stealthy.
 O - an uncursed ring of fire
Wands
 f - a wand of confusion (1/48)
 h - a wand of confusion (12/48)
 q - a wand of disintegration (0/24)
 t - a wand of polymorph (11/24)
 v - a wand of iceblast (8/15)
 C - a wand of flame (10/48)
 F - a wand of scattershot (0/9)
 G - a wand of iceblast (0/15)
 H - a wand of acid (0/15)
 N - a wand of iceblast (4/15)
 Q - a wand of confusion (39/48)
Scrolls
 d - 7 scrolls of remove curse
 k - a scroll of blinking
 l - 3 scrolls of fog
 m - 2 scrolls of fear
 u - a scroll of random uselessness
 w - 2 scrolls of magic mapping
 x - 2 scrolls of holy word
 z - 3 scrolls of enchant armour
 E - 2 scrolls of immolation
 K - a scroll of torment
Books
 c - a book of Maledictions

   Spells                             Type                      Level
   a - Corona                         Hexes                        1
   b - Ensorcelled Hibernation        Hexes/Ice                    2
   c - Confuse                        Hexes                        3
   d - Tukima's Dance                 Hexes                        3
   e - Dazzling Spray                 Conjuration/Hexes            3
 g - a book of Changes

   Spells                             Type                      Level
   a - Beastly Appendage              Transmutation                1
   b - Sticks to Snakes               Transmutation                2
   c - Spider Form                    Transmutation/Poison         3
   d - Ice Form                       Ice/Transmutation            4
   e - Blade Hands                    Transmutation                5


   Skills:
 + Level 4.5 Fighting
 - Level 5.9(10.1) Short Blades
 * Level 12.4(12.9) Long Blades
 + Level 6.1 Armour
 + Level 6.9 Dodging
 - Level 2.4 Stealth
 - Level 2.6 Spellcasting
 * Level 2.8 Hexes
 - Level 2.4 Ice Magic
 + Level 3.5 Evocations


You had 8 spell levels left.
You knew the following spells:

 Your Spells              Type           Power        Failure   Level  Hunger
a - Corona                Hex            ###....      8%          1    N/A
b - Ensorcelled Hibernat  Hex/Ice        ###...       12%         2    N/A
c - Confuse               Hex            ###.....     22%         3    N/A
d - Passwall              Tmut/Erth      #.........   34%         2    N/A

Dungeon Overview and Level Annotations

Branches:
Dungeon (13/15)            Temple (1/1) D:4            Lair (6/6) D:9
    Orc (2/2) D:9             Elf (0/3) Orc:2
  Swamp: Lair:2-4    Shoals: Lair:2-4     Snake: Lair:2-4    Spider: Lair:2-4
  Slime: Lair:5-6    Vaults: D:13-14

Altars:
Ashenzari
Cheibriados
Dithmenos
Elyvilon
Fedhas
Gozag
Hepliaklqana
Kikubaaqudgha
Makhleb
Nemelex Xobeh
Okawaru
Qazlal
Ru
Sif Muna
Trog
Uskayaw
Vehumet
Wu Jian
Xom
Yredelemnul
Zin
The Shining One
Beogh

Shops:
D:6 *   D:8 *!}:}   D:11 *   Orc:2 %   Lair:2 (=(

Annotations:
D:8 Gastronok


Innate Abilities, Weirdness & Mutations

You do not eat or drink.
Your flesh is vulnerable to fire.
You are immune to poison.
Your flesh is cold resistant. (rC+)
You are immune to negative energy. (rN+++)
You are immune to unholy pain and torment.
You can survive without breathing.


Message History

Unknown command.
You can't drink.
Unknown command.
Your black mamba bites the spiny frog but does no damage.
The wolf completely misses your black mamba.
Being near the torpor snail leaves you feeling lethargic.
Your black mamba barely misses the spiny frog.
Unknown command.
Unknown command.
Unknown command.
Are you sure you want to abandon this character and quit the game? (Confirm with "yes".)
Okay, then.
Unknown command.
Unknown command.
You currently need 1600 gold to open negotiations with a merchant.
You have 1151 gold pieces.
Unknown command.
Are you sure you want to abandon this character and quit the game? (Confirm with "yes".)
Okay, then.
Are you sure you want to abandon this character and quit the game? (Confirm with "yes".)

$ $ $
#####+++########
#.$.h.F...D...Y.
#hS.h@.P.#.#
#.........#
#.##.#..##.#
##.P......).
..Y.........#
#..Ph##..#....#
##... #......#
..#.. ..Yw...
...#.. .....
.... .


You could see a torpor snail (fleeing), a yak (fleeing), a spiny frog, 4 wolves,
a friendly five-headed hydra, a friendly black mamba and a friendly yak
(wandering).

Vanquished Creatures
  2 hydras
  2 ice dragons (IceCv)
  2 two-headed ogres
  Pikel (D:8)
  A centaur zombie (D:10)
  Joseph (D:8)
  2 ice statues (IceCv)
  3 spiny frogs
  3 rime drakes
  2 komodo dragons
  A troll (Orc:1)
  5 hippogriffs
  2 dream sheep (D:9)
  A shadow (D:11)
  A wyvern (D:12)
  A basilisk (shapeshifter) (D:12)
  13 yaks
  A basilisk (Lair:2)
  A hungry ghost (D:8)
  Menkaure (D:6)
  A warg (Orc:1)
  5 water moccasins
  10 orc warriors
  3 porcupines (Lair:2)
  2 slaves
  A black bear (D:10)
  15 ice beasts
  A necrophage (D:7)
  8 ogres
  4 sky beasts
  A phantom (D:9)
  4 centaurs
  3 crocodiles
  5 big kobolds
  9 bullfrogs
  Blork the orc (D:6)
  A wyvern zombie (D:10)
  5 scorpions
  19 killer bees
  3 wights (D:11)
  4 electric eels (D:12)
  2 howler monkeys
  4 crimson imps
  A bullfrog zombie (D:10)
  A quasit (D:9)
  A lava snake (Lair:2)
  A bullfrog skeleton (D:5)
  2 hounds
  A jelly (D:5)
  22 orc priests
  12 orc wizards
  3 iron imps (D:9)
  2 iguanas (D:8)
  Ijyb (D:3)
  7 worker ants
  3 hound skeletons
  A howler monkey zombie (D:8)
  10 adders
  A howler monkey skeleton (D:8)
  A shadow imp (D:8)
  A worm (D:3)
  7 leopard geckos
  67 orcs
  3 ball pythons
  3 giant cockroaches
  A hobgoblin (D:3)
  8 jackals
  15 kobolds
  5 quokkas
  5 bats
  6 frilled lizards
  5 goblins
  A leopard gecko skeleton (D:5)
  A leopard gecko zombie (D:7)
  6 rats
361 creatures vanquished.

Vanquished Creatures (others)
  2 slaves (D:10)
  7 plants
9 creatures vanquished.

Grand Total: 370 creatures vanquished

Notes
Turn   | Place    | Note
-------+----------+-------------------------------------------
     0 | D:1      | 4thArraOfDagon the Mummy Enchanter began the quest for the Orb.
     0 | D:1      | Reached XP level 1. HP: 13/13 MP: 4/4
    19 | D:1      | Reached skill level 1 in Short Blades
   305 | D:1      | You fall through a shaft!
   309 | D:2      | Reached XP level 2. HP: 16/19 MP: 3/5
   334 | D:2      | Learned a level 2 spell: Ensorcelled Hibernation
   513 | D:4      | Noticed a howler monkey
   522 | D:4      | Killed a howler monkey
   522 | D:4      | Reached XP level 3. HP: 16/24 MP: 0/7
   544 | D:5      | Entered Level 5 of the Dungeon
   643 | D:5      | Learned a level 3 spell: Confuse
   713 | D:4      | Noticed a phantom
   738 | D:5      | Noticed a centaur
   747 | D:5      | Reached XP level 4. HP: 30/30 MP: 5/8
   808 | D:5      | Reached skill level 1 in Ice Magic
   843 | D:5      | Found a sparkling altar of Nemelex Xobeh.
   858 | D:5      | Reached XP level 5. HP: 27/35 MP: 0/9
   952 | D:5      | Found a hide-covered altar of Uskayaw.
   956 | D:5      | Found a shattered altar of Ashenzari.
   960 | D:5      | Found a shimmering altar of Xom.
   961 | D:5      | Found a bloodstained altar of Trog.
  1057 | D:5      | Noticed a sky beast
  1075 | D:5      | Killed a sky beast
  1144 | D:6      | Noticed a sky beast
  1161 | D:6      | Killed a sky beast
  1161 | D:6      | Reached XP level 6. HP: 31/41 MP: 7/10
  1278 | D:7      | Noticed an orc warrior
  1417 | D:6      | Reached skill level 5 in Short Blades
  1469 | D:6      | Noticed Menkaure
  1779 | D:5      | Reached XP level 7. HP: 41/46 MP: 2/11
  1860 | D:4      | Found a staircase to the Ecumenical Temple.
  1871 | Temple   | Entered the Ecumenical Temple
  2096 | Temple   | Became a worshipper of Gozag Ym Sagoz the Greedy
  3290 | D:2      | Found a sacrificial altar of Ru.
  3539 | D:3      | Reached skill level 1 in Long Blades
  3787 | D:3      | Noticed Ijyb
  3809 | D:3      | Killed Ijyb
  3809 | D:3      | Reached skill level 2 in Long Blades
  4073 | D:3      | Found an ancient bone altar of Kikubaaqudgha.
  4078 | D:3      | Found a deep blue altar of Sif Muna.
  4080 | D:3      | Found a radiant altar of Vehumet.
  4084 | D:3      | Identified Vehumet's Collected Works on Attacks
  4286 | D:4      | Reached skill level 3 in Long Blades
  4794 | D:4      | Reached XP level 8. HP: 52/52 MP: 7/12
  5128 | D:5      | Reached skill level 4 in Long Blades
  5410 | D:6      | Found a glowing golden altar of the Shining One.
  5412 | D:6      | Noticed an angel
  5428 | D:6      | Found a basalt altar of Yredelemnul.
  5430 | D:6      | Noticed a profane servitor
  5603 | D:6      | Found Viliseat's General Store.
  5672 | D:6      | Killed Menkaure
  5672 | D:6      | Reached skill level 5 in Long Blades
  5685 | D:6      | Bought a scroll of teleportation for 30 gold pieces
  5698 | D:6      | Noticed Blork the orc
  5707 | D:6      | Killed Blork the orc
  6121 | D:7      | Found a stormy altar of Qazlal.
  6173 | D:7      | Reached skill level 6 in Long Blades
  6697 | D:7      | Noticed an air elemental
  6842 | D:8      | Noticed Gastronok
  6923 | D:8      | Reached skill level 7 in Long Blades
  7030 | D:8      | Reached XP level 9. HP: 30/57 MP: 1/13
  7146 | D:8      | Found Yhoavo's Gadget Boutique.
  7328 | D:8      | Noticed Pikel
  7349 | D:8      | Killed Pikel
  7349 | D:8      | Reached skill level 8 in Long Blades
  7930 | D:8      | Reached skill level 9 in Long Blades
  7930 | D:8      | Reached skill level 1 in Armour
  8049 | D:8      | Found Zaigeog's Distillery.
  8320 | D:8      | Found Guimigh's General Store.
  8327 | D:8      | Found Miedi's Gadget Boutique.
  8346 | D:8      | Found Zoeme's Book Boutique.
  8353 | D:8      | Noticed Joseph
  8390 | D:8      | Killed Joseph
  8649 | D:8      | Reached XP level 10. HP: 26/63 MP: 4/14
  9002 | D:9      | Found a staircase to the Lair.
  9289 | D:9      | Found a shadowy altar of Dithmenos.
  9308 | D:9      | Found a staircase to the Orcish Mines.
  9603 | D:9      | Reached skill level 1 in Evocations
  9615 | D:9      | Reached skill level 10 in Long Blades
  9769 | D:9      | Noticed a three-headed hydra
  9779 | D:9      | Killed a one-headed hydra
  9835 | D:10     | Entered Level 10 of the Dungeon
  9889 | D:10     | magipi: you meleed a hydra with 10 ac? wow
 11013 | D:11     | Reached XP level 11. HP: 54/68 MP: 8/15
 11021 | D:11     | Bought a scroll labeled NOVERR OKHE for 40 gold pieces
 11021 | D:11     | Bought a scroll of identify for 80 gold pieces
 12007 | D:12     | Noticed a two-headed ogre
 12506 | D:12     | Reached skill level 11 in Long Blades
 12587 | D:13     | Noticed a two-headed ogre
 12588 | D:13     | Noticed a brown ugly thing
 12591 | D:12     | Reached skill level 5 in Dodging
 12975 | D:12     | Killed a two-headed ogre
 13098 | D:10     | Noticed a two-headed ogre
 13117 | D:10     | Killed a two-headed ogre
 13451 | D:9      | Found a roughly hewn altar of Beogh.
 13534 | Orc:1    | Entered Level 1 of the Orcish Mines
 13534 | Orc:1    | Found a frozen archway.
 13546 | Orc:1    | Reached skill level 5 in Armour
 13652 | Orc:1    | Reached skill level 1 in Fighting
 13670 | IceCv    | Entered an ice cave
 16423 | IceCv    | Noticed an ice dragon
 16435 | IceCv    | Killed an ice dragon
 16435 | IceCv    | Reached XP level 12. HP: 19/80 MP: 16/16
 16709 | IceCv    | Noticed an ice dragon
 16744 | IceCv    | Killed an ice dragon
 16744 | IceCv    | Reached skill level 12 in Long Blades
 16798 | IceCv    | Got a sparkling glass ring
 16799 | IceCv    | Identified the ring of a Billion Seas {+Inv rN+ Int+5 Stlth+} (You found it in an ice cave)
 16800 | IceCv    | jacquesderrida: Thanks
 16949 | Orc:1    | LOL
 17590 | Orc:2    | Entered Level 2 of the Orcish Mines
 17596 | Orc:2    | Found a staircase to the Elven Halls.
 17764 | Orc:2    | Found Litawn's Food Boutique.
 17786 | Orc:2    | Noticed an orc warlord
 17929 | D:9      | Found a burning altar of Makhleb.
 18050 | Lair:1   | Entered Level 1 of the Lair of Beasts
 18296 | Lair:2   | Noticed a seven-headed hydra
 18393 | Lair:2   | :(
 18395 | Lair:2   | SO BA
 18423 | Lair:2   | ctrl+q
 18819 | Lair:2   | Killed a seven-headed hydra
 19280 | Lair:2   | You fall through a shaft for 2 floors!
 19281 | Lair:4   | :(
 19321 | Lair:4   | magipi: probably should train more hexes, your spell power is really bad
 19429 | Lair:4   | Found a dark tunnel.
 19434 | Volcano  | Entered a volcano
 19487 | Volcano  | 4thArraOfDagon: there is nothing here :(
 19670 | Lair:4   | Learned a level 2 spell: Passwall
 19703 | Lair:6   | Entered Level 6 of the Lair of Beasts
 19711 | Lair:6   | Noticed a five-headed hydra
 19743 | Lair:6   | Quit the game

Vault maps used:
D:1:      sevenhm_arrival_forest_fort_large_4
D:2:      nicolae_overflow_crystal_walls
D:3:      grunt_temple_overflow_magic_moments, first_bread, uniq_ijyb
D:4:      cheibrodos_pilgrimage, minmay_temple_entry_enclosed_plants
D:5:      minitemple
D:6:      grunt_temple_overflow_holy_war, serial_shops, shop, uniq_menkaure,
          uniq_blork_the_orc
D:7:      nicolae_qazlal_style_of_elements, minmay_holes, uniq_pikel
D:8:      serial_shops, nicolae_shop_waterfront, shop, kennysheep_little_box,
          shop, shop_fountains, uniq_gastronok, uniq_joseph
D:9:      demons_altar, david_lair_shrubbed, minmay_orc_entry_temple_small,
          hangedman_ranch, minivault_27, nicolae_dithmenos_shadow_blocks,
          uniq_maurice
D:12:     serial_bayou, serial_bayou_lagoon_a, serial_bayou_lagoon_b,
          serial_bayou_shore_a, serial_bayou_pond_a, serial_bayou_pond_e
D:13:     erik_vaults_2, serial_shops, shop, uniq_sonja, uniq_nessos
Temple:   kb_temple_of_zot
Lair:1:   special_room, columned_hall_lemuel
Lair:2:   disabler_island
Lair:3:   swamp_mist, dummy_snake_entry, hibernation_bobbens
Lair:4:   nicolae_volcano_entry_s_turn
Lair:5:   minmay_slime_entry_pillars
Lair:6:   due_jungle_book, serial_bayou_shore_b
Orc:1:    portal_ice_cave_rime
Orc:2:    st_orc_elflike, serial_shops, shop
IceCv:    ice_cave_small_dragons
Volcano:  volcano_bunker

Skill      XL: |  1  2  3  4  5  6  7  8  9 10 11 12 |
---------------+-------------------------------------+-----
Short Blades   | 1 3 4 5 |  5.9
Ice Magic      | 1 2 |  2.4
Long Blades    | 3 7 9 10 11 12 | 12.4
Dodging        | 3 4 6 |  6.9
Armour         | 2 3 5 6 |  6.1
Evocations     | 2 3 |  3.5
Fighting       | 2 4 |  4.5
Stealth        | |  2.4
Spellcasting   | |  2.6
Hexes          | |  2.8

Action                   |  1- 3 |  4- 6 |  7- 9 | 10-12 || total
-------------------------+-------+-------+-------+-------++-------
Melee: Dagger            |    34 |    54 |   497 |   642 ||  1227
       Falchion          |       |       |       |   458 ||   458
 Cast: Corona            |     6 |     1 |       |       ||     7
       Ensorcelled Hiber |     4 |    31 |   123 |   148 ||   306
       Confuse           |       |       |     3 |     8 ||    11
Invok: Call Merchant     |       |       |       |     4 ||     4
 Abil: Evoke Invisibilit |       |       |       |     2 ||     2
Evoke: Wand              |       |     7 |    31 |    53 ||    91
  Use: Scroll            |     4 |     4 |     6 |    18 ||    32
 Stab: Sleeping          |     6 |    14 |    65 |    55 ||   140
       Confused          |       |     3 |    14 |    10 ||    27
       Distracted        |       |       |       |     2 ||     2
       Invisible         |       |       |       |     3 ||     3
Armor: Robe              |     4 |     6 |    83 |       ||    93
       Ring mail         |       |       |     7 |   387 ||   394
Dodge: Dodged            |    21 |    46 |   218 |   518 ||   803
       Rpst.: Falchion   |       |       |       |    65 ||    65
